 Dungeon Crawl Stone Soup version 0.28-a0-1524-ge72afd5fc6 (webtiles) character file.

Game seed: 2258387659945560546

2 psuckher the Sneak (level 1, 0/18 HPs)
             Began as a Barachi Delver on Jan 17, 2022.
             Slain by a white imp (2 damage)
             ... on level 5 of the Dungeon.
             The game lasted 00:00:20 (44 turns).

psuckher the Sneak (Barachi Delver)                   Turns: 44, Time: 00:00:21

Health: 0/18       AC:  3    Str: 13    XL:     1   Next: 30%
Magic:  1/1        EV: 12    Int: 10    God:
Gold:   0          SH:  0    Dex: 13    Spells: 0/0 levels left

rFire   . . .      SeeInvis .   a - +0 falchion
rCold   . . .      Faith    .   (no shield)
rNeg    . . .      Spirit   .   b - +0 leather armour
rPois   .          Reflect  .   (no helmet)
rElec   .          Harm     .   (no cloak)
rCorr   .          Rampage  .   (no gloves)
Will    .....                   (no boots)
Stlth   ++........              (no amulet)
HPRegen 0.06/turn               (no ring)
MPRegen 0.07/turn               (no ring)

@: slow
A: amphibious, slowness 1, strong legs 1, +LOS
a: Hop


You were on level 5 of the Dungeon.
You visited 1 branch of the dungeon, and saw 1 of its levels.

Inventory:

Hand Weapons
 a - a +0 falchion (weapon)
Armour
 b - a +0 leather armour (worn)
Wands
 g - a wand of digging (3)
Scrolls
 c - a scroll of fog
 d - a scroll of magic mapping
 e - a scroll of fear
Potions
 f - a potion of haste


   Skills:
 + Level 3.6 Fighting
 + Level 2.4 Long Blades
 + Level 2.2 Dodging
 + Level 4.6 Stealth


You couldn't memorise any spells.
You didn't know any spells.
Your spell library was empty.

Dungeon Overview and Level Annotations

Branches:
Dungeon (5/15)
 Temple: D:4-7

Altars:


Innate Abilities, Weirdness & Mutations

You are amphibious.
You cover ground slowly.
You can hop short distances.
You have an extended range of vision and can be seen from far away.


Message History

Welcome, psuckher the Barachi Delver.
Everyone else who sought the Orb of Zot has failed.
Will you be different?
Press ? for a list of commands and other information.
Found a stone staircase leading down.
An orc comes into view. It is wielding a +0 dagger.
The orc shouts!
The orc hits you but does no damage.
You completely miss the orc. The orc hits you with a +0 dagger.
The orc hits you but does no damage.
You hit the orc.
The orc is almost dead.
The orc barely misses you.
You hit the orc.
You kill the orc!
Things that are here:
a +0 dagger; an orc corpse
Found a scroll labelled RYITHR IXEFUAVA and a scale mail.
A white imp comes into view.
The white imp shouts!
A quokka comes into view.
You see here a scroll labelled RYITHR IXEFUAVA.
The white imp closely misses you. The white imp gestures at you.
The puff of frost hits you!
You see here a scroll labelled RYITHR IXEFUAVA.
The white imp misses you.
You hit the white imp.
The white imp is moderately wounded.
The white imp gestures at you. The puff of frost hits you!
* * * LOW HITPOINT WARNING * * *
The white imp hits you.
* * * LOW HITPOINT WARNING * * *
The white imp freezes you.
You die...

#..# .. #..# .##
#######..# ..
.........# #[# ##
#######.## ..#
...
#.#########..#
r...
#..).....#...#5..
########.#?# ^.
#.#@#.# #...5.#
#.#.#.# #..#.#.#
#..... .
..##.##.# ### #.#
# ... #.#


You could see a white imp.

Vanquished Creatures
  An orc (D:5)
1 creature vanquished.

Notes
Turn   | Place    | Note
-------+----------+-------------------------------------------
     0 | D:5      | psuckher the Barachi Delver began the quest for the Orb.
     0 | D:5      | Reached XP level 1. HP: 18/18 MP: 1/1
    44 | D:5      | Slain by a white imp

Illustrated notes

Levels and vault maps discovered:
D:5:      layout_loops_ring, lemuel_crystal_altar, zin_angel,
          lemuel_coloured_pillars_altar, lemuel_tele_altar, slow_altar_2,
          serial_undead, serial_undead_e, serial_undead_b, serial_undead_f,
          serial_undead_f

Action                   || total
-------------------------++-------
Melee: Falchion          ||     4
Armor: Leather armour    ||     2
Dodge: Dodged            ||     3

Table legend: (Time is in decaauts)
 A = Elapsed time spent in this place.
 B = Non-inter-level travel time spent in this place.
 C = Inter-level travel time spent in this place.
 D = Time resting spent in this place.
 E = Time spent auto-exploring this place.
 F = Levels seen in this place.
 G = Mean time per level.
                   A        B        C        D        E       F      G
               +--------+--------+--------+--------+--------+-----+--------+
         Total |     52 |     40 |     12 |      0 |      0 |   1 |   52.0 |
       Dungeon |     52 |     40 |     12 |      0 |      0 |   1 |   52.0 |
               +--------+--------+--------+--------+--------+-----+--------+

Top non-repeatable levels by time:
     D:5: 52 daAuts
